 Dungeon Crawl Stone Soup version 0.19.0-2-gae57169 (webtiles) character file.

175 equalderp2856 the Scratcher (level 5, -9/24 HPs)
             Began as a Felid Fighter on Nov 6, 2016.
             Killed from afar by an orc wizard (13 damage)
             ... with a puff of frost
             ... on level 4 of the Dungeon.
             The game lasted 00:33:12 (6388 turns).

equalderp2856 the Scratcher (Felid Fighter)         Turns: 6388, Time: 00:33:12

Health: -9/24      AC:  2    Str: 14    XL:     5   Next: 29%
Magic:  7/7        EV: 20    Int: 10    God:
Gold:   177        SH:  0    Dex: 15    Spells: 2 memorised, 3 levels left
                                        Lives:  0   Deaths: 1

rFire  . . .     SeeInvis +       - Unarmed
rCold  . . .     Gourm    .     (armour unavailable)
rNeg   . . .     Faith    .     (shield unavailable)
rPois  .         Spirit   .     (helmet unavailable)
rElec  .         Reflect  .     (cloak unavailable)
rCorr  .         Harm     .     (gloves unavailable)
MR     .....                    (boots unavailable)
Stlth  +++.......               (no amulet)
                                (no ring)
                                (no ring)

@: quick
A: no armour, no weapons or thrown items, stealth, claws 1, fangs 3, see
invisible, carnivore 3, speed 1, shaggy fur 2, slow metabolism 1, sharp paws
a: no special abilities


You were on level 4 of the Dungeon.
You were not hungry.

You visited 1 branch of the dungeon, and saw 5 of its levels.

You collected 177 gold pieces.

Inventory:

Hand Weapons
 h - a +0 spear
 j - a +0 short sword
 k - a +0 dagger
 t - a +0 hunting sling of flaming
Missiles
 g - 22 bolts
 i - 23 arrows
 n - 148 stones
 o - 7 javelins
 v - 21 sling bullets
Armour
 y - a +0 robe
Jewellery
 C - an uncursed ring of wizardry {unknown}
Scrolls
 e - a scroll of teleportation {unknown}
 f - 3 scrolls of identify {unknown}
 l - a scroll of enchant weapon {unknown}
 m - a scroll of immolation {unknown}
 p - a scroll of enchant armour {unknown}
 q - 4 scrolls of magic mapping {unknown}
 u - a scroll of amnesia {unknown}
 w - 2 scrolls of remove curse {unknown}
 D - a scroll of fog {unknown}
Potions
 a - a potion of might
 d - 2 potions of heal wounds {unknown}
 s - 2 potions of invisibility {unknown}
 z - 2 potions of curing {unknown}
 E - a potion of lignification {unknown}
 F - a potion of magic {unknown}
Books
 r - a book of Minor Magic

   Spells                             Type                      Level
   a - Magic Dart                     Conjuration                  1
   b - Blink                          Translocation                2
   c - Call Imp                       Summoning                    2
   d - Repel Missiles                 Charms/Air                   2
   e - Slow                           Hexes                        2
   f - Conjure Flame                  Conjuration/Fire             3
   g - Mephitic Cloud                 Conjuration/Poison/Air       3
Comestibles
 b - 2 meat rations
 c - 4 fruits
 x - a royal jelly
 A - a slice of pizza
 B - a bread ration


   Skills:
 + Level 3.4 Fighting
 + Level 5.4 Dodging
 + Level 3.1 Stealth
 + Level 6.1 Unarmed Combat
 + Level 1.0 Spellcasting
 + Level 1.7 Translocations


You had 3 spell levels left.
You knew the following spells:

 Your Spells              Type           Power        Failure   Level  Hunger
a - Blink                 Tloc           N/A          30%         2    ###....
b - Magic Dart            Conj           #...         38%         1    ##.....


Dungeon Overview and Level Annotations

Branches:
Dungeon (5/15)
 Temple: D:4-7

Altars:
Gozag
Qazlal

Annotations:
D:4 Dowan, Duvessa


Innate Abilities, Weirdness & Mutations

You cannot wear armour.
You are incapable of wielding weapons or throwing items.
Your paws allow you to move quietly. (Stealth)
You have sharp claws.
You have razor-sharp teeth.
You have supernaturally acute eyesight. (SInv)
You are carnivorous and can eat meat at any time.
You cover ground quickly.
You are covered in thick fur. (AC +2)
You have a slow metabolism.
Your sharp claws are effective at attacking unaware monsters.


Message History

The orc wizard points at you and mumbles some strange words.
The puff of flame misses you.
You barely miss the orc wizard. The orc wizard hits you with a dagger.
* * * LOW HITPOINT WARNING * * *
The orc shouts!
You scratch the orc wizard.
The orc wizard is moderately wounded.
You scratch the orc wizard but do no damage.
The orc wizard is moderately wounded.
The orc completely misses you.
The orc wizard hits you but does no damage.
You scratch the orc wizard.
The orc wizard is heavily wounded.
The orc closely misses you. x2
You scratch the orc wizard.
The orc wizard is almost dead.
The orc wizard points at you and mumbles some strange words.
The puff of frost hits you!
Ouch! That really hurt!
You die...

..# #####.# #...####.##
##########.######...#..# .#
#.......>.# ###.#.###
.###.........######.....##
......[).....#.......##..##
#....................###..##
#............#.......# ##..#
#............#.......# ##.#
..##.........#.o@.eo.### #)#
####.........#.oo......###(#
# #..#...####.#######..##)#
# # ##.####......#
##.....)#.. ###..#
#####..#####...e)........
##..## ##...##..............
...## #.#.##..............
.### ##.#....e...e........
.....# #..###.o.............


You could see Duvessa, an orc wizard and 3 orcs.

Vanquished Creatures
  A crimson imp (D:5)
  A hound (D:5)
  2 orc wizards (D:4)
  Jessica (D:3)
  A worker ant (D:4)
  2 gnolls
  5 adders
  2 oozes (D:1)
  2 worms
  2 dart slugs
  3 leopard geckos
  5 orcs
  A ball python (D:3)
  5 bats
  3 giant cockroaches
  11 goblins
  8 hobgoblins
  10 jackals
  8 kobolds
  A quokka (D:4)
  3 frilled lizards
  7 rats
84 creatures vanquished.

Notes
Turn   | Place    | Note
-------+----------+-------------------------------------------
     0 | D:1      | equalderp2856 the Felid Fighter began the quest for the Orb.
     0 | D:1      | Reached XP level 1. HP: 10/10 MP: 2/2
   152 | D:1      | Reached XP level 2. HP: 13/14 MP: 3/3
   849 | D:1      | Reached XP level 3. HP: 16/17 MP: 4/4
  1710 | D:2      | Found a stormy altar of Qazlal.
  1714 | D:2      | Reached skill level 5 in Unarmed Combat
  1720 | D:2      | Found an opulent altar of Gozag.
  1774 | D:2      | Learned a level 2 spell: Blink
  2050 | D:2      | Reached XP level 4. HP: 21/21 MP: 5/5
  2332 | D:3      | Noticed Jessica
  2770 | D:3      | Reached skill level 1 in Stealth
  3358 | D:3      | Killed Jessica
  3750 | D:4      | Reached XP level 5. HP: 12/24 MP: 6/6
  4111 | D:3      | Learned a level 1 spell: Magic Dart
  4155 | D:5      | Entered Level 5 of the Dungeon
  4448 | D:5      | Reached skill level 1 in Translocations
  4449 | D:5      | Noticed a centaur
  4700 | D:4      | Reached skill level 5 in Dodging
  5151 | D:5      | Gained mutation: You are covered in thick fur. (AC +2) [Felid growth]
  5151 | D:5      | Reached XP level 6. HP: 17/28 MP: 8/8
  5340 | D:4      | Reached skill level 1 in Spellcasting
  5407 | D:4      | Reached skill level 6 in Unarmed Combat
  5546 | D:4      | Noticed Dowan
  6328 | D:4      | Noticed Duvessa
  6364 | D:4      | Slain by an orc
  6365 | D:4      | Reached XP level 5. HP: -1/24 MP: 3/7
  6388 | D:4      | Killed from afar by an orc wizard

Skill      XL: |  1  2  3  4  5  6 |
---------------+-------------------+-----
Unarmed Combat | 5 6 |  6.1
Stealth        | 2 3 |  3.1
Translocations | 1 |  1.7
Dodging        | 5 |  5.4
Spellcasting   | 1 |  1.0
Fighting       | |  3.4

Action                   |  1- 3 |  4- 6 || total
-------------------------+-------+-------++-------
Melee: Unarmed           |    86 |   143 ||   229
       Punch             |     2 |     5 ||     7
       Bite              |     6 |    11 ||    17
 Cast: Blink             |       |     4 ||     4
       Magic Dart        |       |     1 ||     1
 Stab: Sleeping          |     3 |     2 ||     5
       Distracted        |       |     1 ||     1
  Eat: Chunk             |     9 |     6 ||    15
Armor: Skin              |     2 |     5 ||     7
Dodge: Dodged            |    66 |   130 ||   196
